 Dungeon Sprint DCSS version 0.21-a0-400-g417d9d2 (webtiles) character file.

3024 Amnesiac the Earth Mage (level 9, -1/67 HPs)
             Began as a Deep Elf Earth Elementalist on Oct 20, 2017.
             Slain by a centaur warrior (9 damage)
             ... in the Dungeon (Sprint II: "The Violet Keep of Menkaure").
             The game lasted 00:03:43 (530 turns).

Amnesiac the Earth Mage (DEEE)                       Turns: 530, Time: 00:03:43

Health: -1/67      AC:  0    Str: 10    XL:     9   Next: 55%
Magic:  28/31      EV: 15    Int: 24    God:
Gold:   486        SH:  0    Dex: 15    Spells: 25/40 levels left

rFire    . . .     SeeInvis .   (weapon currently unavailable)
rCold    . . .     Gourm    .   (shield currently unavailable)
rNeg     . . .     Faith    .   (armour currently unavailable)
rPois    .         Spirit   .   (helmet currently unavailable)
rElec    .         Reflect  .   (cloak currently unavailable)
rCorr    .         Harm     .   (gloves currently unavailable)
MR       .....     NoTele   +   (boots currently unavailable)
Stlth    ..........             (no amulet)
HPRegen  0.21/turn              (ring currently unavailable)
MPRegen  0.22/turn              (ring currently unavailable)

@: berserking, pig-form, very quick
A: no striking features
a: no special abilities


You were in the Dungeon.
You were not hungry.
You were a filthy swine.
You visited 1 branch You collected 486 gold pieces.

Inventory:

Missiles
 b - 11 stones (quivered)
Armour
 c - a +0 robe (melded)
Scrolls
 j - a scroll of blinking {!r}
Potions
 g - a potion of haste {!q}
Books
 k - a book of Geomancy

   Spells                             Type                      Level
   a - Sandblast                      Earth                        1
   b - Passwall                       Transmutation/Earth          2
   c - Stone Arrow                    Conjuration/Earth            3
   d - Petrify                        Transmutation/Earth          4
   e - Lee's Rapid Deconstruction     Earth                        5
Comestibles
 a - a chunk of flesh
 d - a bread ration


   Skills:
 - Level 2.4 Dodging
 - Level 2.4 Stealth
 + Level 16.0 Spellcasting
 - Level 1.1 Transmutations
 * Level 18.5 Earth Magic


You had 25 spell levels left.
You knew the following spells:

 Your Spells              Type           Power        Failure   Level  Hunger
a - Sandblast             Erth           ######       0%          1    None
b - Passwall              Tmut/Erth      ######....   1%          2    None
c - Stone Arrow           Conj/Erth      ######       1%          3    None
d - Lee's Rapid Deconstr  Erth           #######...   1%          5    #......
e - Petrify               Tmut/Erth      ######..     1%          4    None


Dungeon Overview and Level Annotations

Branches:
Dungeon (1/1)

Altars:

Shops:
D :[}%!:=?%[((?[=!

Annotations:
D exclusion: oklob plant, Kirke


Innate Abilities, Weirdness & Mutations

((Armour fits poorly on your strangely shaped body.))


Message History

Aiming: Lee's Rapid Deconstruction
Press: ? - help, Dir - move target cursor, p - yaktaur captain That beam is likely to hit you.
Continue anyway?
The wall shatters!
The blast of rock fragments hits the yaktaur captain.
The yaktaur captain is severely wounded.
The blast of rock fragments hits the kobold demonologist.
You kill the kobold demonologist!
Your Spellcasting skill increases to level 15!
The blast of rock fragments hits you!
Ouch! That really hurt!
* * * LOW HITPOINT WARNING * * *
You hear an angry growl.
Casting: Lee's Rapid Deconstruction
Confirm with . or Enter, or press ? or * to list all spells.
Aiming: Lee's Rapid Deconstruction
Press: ? - help, Dir - move target cursor, f - yaktaur captain Fragment what (e.g. wall or brittle monster)?: a yaktaur captain (severely wounded, petrified, misshapen and mutated)
The yaktaur captain shatters!
The yaktaur captain is severely wounded.
Unknown command.
Unknown command.
Casting: Lee's Rapid Deconstruction
Confirm with . or Enter, or press ? or * to list all spells.
Aiming: Lee's Rapid Deconstruction
Press: ? - help, Dir - move target cursor, f/p - yaktaur captain Fragment what (e.g. wall or brittle monster)?: a yaktaur captain (severely wounded, petrified, misshapen and mutated)
The yaktaur captain shatters!
You blow up the yaktaur captain!
Your Spellcasting skill increases to level 16!
Your Earth Magic skill increases to level 18!
Really walk into a travel-excluded area?
Okay, then.
Really walk into a travel-excluded area?
a - a chunk of flesh You start resting.
Kirke, Weaver of Myths comes into view.
Really quaff
h - a potion of magic {!q}?
Magic courses through your body. Kirke gestures at you while chanting.
You turn into a filthy swine.
There is an open door, spattered with blood here.
You see here a chunk of flesh.
You open the door.
There is an open door here.
Okay, then.
Really quaff
e - a potion of curing {!q}?
You feel better.
Press: ? - help, v - describe, . - travel
Here: Kirke The floor.
Okay, then.
The centaur warrior shouts!
The centaur warrior shoots an arrow.
The arrow barely misses you.
You see here an arrow.
Really quaff
i - a potion of berserk rage {!q}?
A red film seems to cover your vision as you go berserk!
You feel yourself moving faster!
You feel mighty!
The centaur warrior unwields an uncursed longbow.
The centaur warrior hits you!
* * * LOW HITPOINT WARNING * * *
Kirke gestures at you while chanting.
You struggle to resist.
The centaur warrior hits you!
You die...

###########≈≈≈.§....%..#
##....∩.∩.#≈≈≈≈z##%##..#
##...∩.∩..#≈≈≈≈##)..##.#
##..∩.∩...#≈≈≈≈#..#%.#
..
##.⌠.∩....#≈≈####...##
.. ##..∩.∩...#≈##.###@##
.. ##...∩.∩..#≈##..##.##
. ##....∩.∩.'≈c##.'.<.+
##.....∩.∩#≈#h#.##%##
#▓▓▓▓▓▓▓###≈##@###+#
##$)Y######≈≈### #=$G#$
##≈≈≈ #∩P$+h +#≈# #$$$ $
≈≈# #[.$ ≈≈ ##+


You could see Kirke and a centaur warrior.

Vanquished Creatures
  A yaktaur captain (D)
  A skeletal warrior (D)
  An orange crystal statue (D)
  A kobold demonologist (D)
  4 neqoxecs (D)
  Menkaure (D)
  4 necrophages (D)
  A crocodile (D)
14 creatures vanquished.

Notes
Turn   | Place    | Note
-------+----------+-------------------------------------------
     0 | D        | Amnesiac the Deep Elf Earth Elementalist began the quest for the Orb.
     0 | D        | Reached XP level 1. HP: 10/10 MP: 6/6
     1 | D        | Noticed a necrophage
     1 | D        | Noticed a necrophage
     1 | D        | Noticed a necrophage
     1 | D        | Noticed a necrophage
     5 | D        | Killed a necrophage
     5 | D        | Reached skill level 8 in Earth Magic
     5 | D        | Reached XP level 2. HP: 15/15 MP: 3/12
     5 | D        | Reached XP level 3. HP: 19/19 MP: 3/13
     5 | D        | Reached XP level 4. HP: 24/24 MP: 3/15
     7 | D        | Killed a necrophage
     7 | D        | Reached skill level 10 in Earth Magic
     7 | D        | Reached XP level 5. HP: 28/28 MP: 1/18
    11 | D        | Killed a necrophage
    11 | D        | Reached skill level 11 in Earth Magic
    23 | D        | Killed a necrophage
    23 | D        | Reached skill level 10 in Spellcasting
    23 | D        | Reached skill level 12 in Earth Magic
    23 | D        | Reached XP level 6. HP: 26/32 MP: 0/21
   147 | D        | Noticed an orange crystal statue
   149 | D        | Noticed Menkaure
   152 | D        | Killed Menkaure
   152 | D        | Reached skill level 13 in Earth Magic
   156 | D        | Learned a level 2 spell: Passwall
   162 | D        | Learned a level 5 spell: Lee's Rapid Deconstruction
   167 | D        | Learned a level 4 spell: Petrify
   171 | D        | Learned a level 3 spell: Stone Arrow
   297 | D        | Found Ulusyo's Antique Armour Shop.
   297 | D        | Found Jywnayhin's Jewellery Boutique.
   298 | D        | Found Mycsixyn's Antique Weapon Shop.
   298 | D        | Found Lecwouz's Weapon Shop.
   299 | D        | Found Kaihy's Jewellery Boutique.
   299 | D        | Found Ussocyurr's Magic Scroll Shop.
   299 | D        | Found Nonna's Food Boutique.
   299 | D        | Found Ysaileak's Antique Armour Shop.
   300 | D        | Found Wodyuxa's Food Boutique.
   300 | D        | Found Haucw's Distillery.
   300 | D        | Found Kodics's Book Boutique.
   300 | D        | Found Toluaq's Distillery.
   300 | D        | Found Hidust's Magic Scroll Boutique.
   301 | D        | Found Qomynu's Armour Boutique.
   301 | D        | Found Wuholl's Gadget Shop.
   311 | D        | Killed an orange crystal statue
   311 | D        | Reached skill level 14 in Earth Magic
   311 | D        | Reached XP level 7. HP: 36/36 MP: 5/25
   321 | D        | Noticed a death yak
   409 | D        | Noticed an oklob plant
   410 | D        | Found Afaewnat's Book Shoppe.
   416 | D        | Noticed a polar bear
   417 | D        | Noticed a great orb of eyes
   423 | D        | Noticed a neqoxec
   424 | D        | Gained mutation: Armour fits poorly on your strangely shaped body. [a neqoxec]
   425 | D        | Killed a neqoxec
   425 | D        | Reached skill level 15 in Earth Magic
   425 | D        | Reached XP level 8. HP: 41/41 MP: 24/27
   475 | D        | Noticed a centaur warrior
   492 | D        | Noticed a skeletal warrior
   498 | D        | Killed a skeletal warrior
   498 | D        | Reached skill level 16 in Earth Magic
   499 | D        | Reached skill level 17 in Earth Magic
   499 | D        | Reached XP level 9. HP: 35/45 MP: 10/29
   506 | D        | Noticed a yaktaur captain
   508 | D        | Noticed a kobold demonologist
   511 | D        | Killed a kobold demonologist
   511 | D        | Reached skill level 15 in Spellcasting
   511 | D        | HP: 1/45 [blast of rock fragments (36)]
   513 | D        | Killed a yaktaur captain
   513 | D        | Reached skill level 18 in Earth Magic
   517 | D        | Noticed Kirke
   530 | D        | Slain by a centaur warrior

Vault maps used:
D:        the_violet_keep_of_menkaure

Skill      XL: |  1  2  3  4  5  6  7  8  9 |
---------------+----------------------------+-----
Spellcasting   | 7 8 10 12 13 14 16 | 16.0
Earth Magic    | 8 10 12 14 15 17 18 | 18.5
Dodging        | |  2.4
Stealth        | |  2.4
Transmutations | |  1.1

Action                   |  1- 3 |  4- 6 |  7- 9 || total
-------------------------+-------+-------+-------++-------
 Cast: Sandblast         |     2 |    11 |     6 ||    19
       Lee's Rapid Decon |       |     1 |    10 ||    11
       Petrify           |       |       |     2 ||     2
  Use: Potion            |       |       |     5 ||     5
Dodge: Dodged            |     1 |     7 |     2 ||    10

Table legend:
 A = Spawn XP
 B = Non-spawn XP
 C = Spawn XP percentage of total XP
 D = Spawn monster count
 E = Non-spawn monster count
 F = Spawn count percentage of total count
 G = Total turns spent on level
                    A         B        C        D         E        F      G
               +---------+---------+-------+---------+---------+-------+---------
         Total |       0 |    4321 |   0.0 |       0 |      14 |   0.0 |   530
               +---------+---------+-------+---------+---------+-------+---------
             D |       0 |    4321 |   0.0 |       0 |      14 |   0.0 |   530
               +---------+---------+-------+---------+---------+-------+---------
